[Event "2nd Bundesliga Nord 2024-25"]
[Site "Germany"]
[Date "2025.02.22"]
[Round "8.1"]
[White "Wegerle, Joerg"]
[Black "Nyback, Tomi"]
[Result "1/2-1/2"]
[Annotator "TA"]
[ECO "D02"]
[WhiteElo "2418"]
[BlackElo "2589"]
[PlyCount "130"]
[EventDate "2024.11.29"]
[EventType "team-tourn"]
[EventCountry "GER"]
[SourceTitle "playchess.com"]
[Source "ChessBase"]
[SourceQuality "1"]
[WhiteTeam "Solingen II"]
[BlackTeam "Werder Bremen II"]
[TimeControl "40/5400+30:1800+30"]

1. d4 d5 2. Nf3 Nf6 3. c3 e6 4. Bf4 Bd6 5. e3 Bxf4 6. exf4 {[%emt 0:01:09] D02: 1 d4 d5 2 Nf3 sidelines, including 2...Nf6 3 g3 and 2...Nf6 3 Bf4.} O-O 7. Nbd2 $1 {[%emt 0:01:49][%mdl 4] is currently scoring better than 7.Bd3.} b6 8. Bd3 Ba6 9. Bxa6 Nxa6 10. Qe2 Nb8 {[%emt 0:03:43] Not much happening anymore} 11. O-O c5 12. Ne5 Nfd7 $146 (12... Qd6 13. Ndf3 Ne4 14. Rfd1 f6 15. dxc5 Nxc5 16. b4 Na4 17. Nc4 Qc6 18. Ne3 Nxc3 {0-1 Artemiev,V (2716)-Dominguez Perez,L (2758) Pepe Cuenca Invitational 2020 (1.4)}) 13. Ndf3 Nxe5 14. Nxe5 Nd7 15. Rad1 Rc8 16. Rfe1 g6 17. Qf3 b5 18. Nxd7 Qxd7 19. h4 Qd8 20. h5 Qh4 21. Re5 cxd4 22. Rxd4 Rc4 23. g3 Qd8 24. Qe3 Rxd4 25. Qxd4 {[%emt 0:00:45] Black must now prevent h6.} ({Don't take} 25. cxd4 Qf6 $14) 25... Qb6 $1 26. Qxb6 axb6 $11 {[%emt 0:00:06][%mdl 4096] Endgame KR-KR} 27. a3 Rc8 28. Kf1 Kf8 29. Ke2 Ke7 30. hxg6 hxg6 31. Kd3 Rh8 32. Re1 Kd6 33. Ke3 f6 34. Kf3 Rh2 35. Ra1 Rh8 36. Rd1 e5 37. fxe5+ fxe5 38. Kg4 Rh2 39. Rd2 Rh5 40. Kf3 Rh1 41. Kg4 Rh5 42. Kf3 Kc5 43. Rd1 Rh8 44. Ke3 g5 45. Kd3 g4 46. Re1 Rh5 47. Ra1 Rf5 48. Ke2 Kc4 {[%emt 0:05:25] Hoping for ...d4.} 49. Rh1 $1 d4 50. cxd4 exd4 51. Rh6 (51. Rh4 $1 $15) 51... d3+ $17 52. Ke1 Re5+ $1 53. Kd1 {[%emt 0:00:52] [#]} Re2 $1 54. Rc6+ {[%emt 0:00:42] [#]} Kd5 $1 55. Rxb6 Rxb2 ({Reject} 55... Rxf2 $6 56. Rxb5+ Ke4 57. a4 $11) 56. Rg6 Kd4 57. Rd6+ Kc3 58. Rc6+ Kb3 59. Rd6 Kxa3 60. Rxd3+ Ka4 (60... Kb4 $1 $15) 61. f3 $11 {[%emt 0:02:03] The position is equal.} gxf3 62. Rxf3 b4 63. Kc1 Rg2 64. Kb1 b3 65. Rf8 Rxg3 {[%emt 0:00:37] Weighted Error Value: White=0.05 (flawless) /Black=0.04 (flawless)   Mistake:       	White=1     	Black=1      Inaccurate:     	---       	Black=1      OK:         	White=20    	Black=27     Best:        	White=7     	Black=4      Strong:       	White=1     	Black=4} 1/2-1/2

[Event "2nd Bundesliga Nord 2024-25"]
[Site "Germany"]
[Date "2025.02.22"]
[Round "8.2"]
[White "Colbow, Collin"]
[Black "Gaponenko, Inna"]
[Result "1/2-1/2"]
[Annotator "TA"]
[ECO "B33"]
[WhiteElo "2442"]
[BlackElo "2341"]
[PlyCount "45"]
[EventDate "2024.11.29"]
[EventType "team-tourn"]
[EventCountry "GER"]
[SourceTitle "playchess.com"]
[Source "ChessBase"]
[SourceQuality "1"]
[WhiteTeam "Werder Bremen II"]
[BlackTeam "Solingen II"]
[TimeControl "40/5400+30:1800+30"]

1. e4 c5 2. Nf3 Nc6 3. d4 cxd4 4. Nxd4 Nf6 5. Nc3 e5 6. Ndb5 d6 7. Nd5 Nxd5 8. exd5 Ne7 9. c4 Ng6 10. Qa4 Bd7 11. Qb4 Bf5 {[%emt 0:00:47] B33: Sicilian: Pelikan and Sveshnikov Variations.} 12. Bg5 Qxg5 $146 (12... f6 13. Be3 a6 14. Nc3 Qd7 15. h3 h5 16. Be2 Nh4 17. Rg1 Be7 18. g3 a5 19. Qb5 {1-0 Potemri,S (1457)-Jenneborg,S (1685) LSS No Engine Cup 27 Preliminary 7 2010}) 13. Nc7+ Kd8 $1 14. Nxa8 Qf4 {[%emt 0:00:19] [#]} 15. Be2 Qe4 16. O-O (16. Qxb7 Nf4 17. Kf1 Qxg2+ (17... Qxe2+ $2 18. Kg1 $19) (17... Nxe2 18. Qc7+ Ke8 19. Re1 $17) 18. Ke1 Qe4 (18... Qxh1+ $2 19. Kd2 $19) 19. Qb8+ Ke7 20. Qxa7+ Kf6 $19) (16. f3 $1 $11 Qe3 17. Qa5+ (17. Qxb7 $2 Nf4 $19) 17... Ke7 18. g3) 16... Nh4 ({Black should try} 16... Qxe2 $17 17. Rfe1 (17. Qxb7 Nf4 $17) 17... Qg4) 17. f3 $1 $11 {[%emt 0:01:50] The position is equal.} (17. Qa5+ $2 b6 18. Bf3 Qxf3 $19 (18... bxa5 $2 19. Bxe4 Bxe4 20. f3 $19) (18... Nxf3+ $2 19. gxf3 Qxf3 20. Qc3 $19)) 17... Qxe2 18. Rf2 {[%emt 0:00:06] Some like it hot} Qe3 {[%emt 0:00:07] [#]} 19. Qxb7 Be7 20. Qb8+ Kd7 21. Qb7+ (21. Qxh8 $2 {loses.} Nxf3+ 22. Kh1 (22. gxf3 Bh4 $19) 22... Qxf2 $19) 21... Kd8 {[%emt 0:00:17][%cal Oh4f3] ...Nxf3+! would now be deadly.} 22. Qb8+ Kd7 23. Qb7+ {[%emt 0:00:35] Not much happened in this game.   Weighted Error Value: White=0.10 (very precise) /Black=0.08 (flawless)   Mistake:       	White=1     	Black=1      OK:         	White=5     	Black=7      Best:        	White=1     	Black=2      Strong:       	White=1     	Black=1} ({Much weaker is} 23. Qxh8 Nxf3+ 24. Kh1 (24. gxf3 Bh4 $19) 24... Qxf2 $17) 1/2-1/2

[Event "2nd Bundesliga Nord 2024-25"]
[Site "Germany"]
[Date "2025.02.22"]
[Round "8.3"]
[White "Schlecht, Daniel"]
[Black "Baklan, Vladimir"]
[Result "0-1"]
[Annotator "TA"]
[ECO "E91"]
[WhiteElo "2372"]
[BlackElo "2553"]
[PlyCount "46"]
[EventDate "2024.11.29"]
[EventType "team-tourn"]
[EventCountry "GER"]
[SourceTitle "playchess.com"]
[Source "ChessBase"]
[SourceQuality "1"]
[WhiteTeam "Solingen II"]
[BlackTeam "Werder Bremen II"]
[TimeControl "40/5400+30:1800+30"]

1. d4 Nf6 2. c4 g6 3. Nc3 Bg7 4. e4 d6 5. Nf3 O-O 6. Be2 Na6 7. Be3 c5 8. O-O {[%emt 0:09:09] was the old line (8.d5).} Ng4 {[%emt 0:12:03] E91: King's Indian: Classical: 6 Be2, unusual replies including 6...c5 and 6...Bg4.} 9. Bg5 h6 {[%emt 0:00:04] [#] ...cxd4 is the strong threat.} 10. Bh4 ({Better is} 10. Bc1 $1 $16) 10... g5 $5 {[%emt 0:00:12][%mdl 4] Leaves trodden paths.} (10... cxd4 $15 11. Nxd4 Bxd4 12. Bxg4 (12. Qxd4 $2 {perishes.} e5 $17) 12... Bxc3 13. bxc3 Nc5) 11. Bg3 $14 Nf6 12. dxc5 Nxc5 13. Nd2 Bd7 $146 (13... a5 14. Rc1 e5 15. Re1 h5 16. f3 Bh6 17. Nf1 Ne6 18. Rc2 Nd4 19. Rd2 g4 20. Rxd4 exd4 21. Qxd4 {0-1 Horvath,C (2537)-Naiditsch,A (2710) HUN-chT 1415 2014 (5.5)}) 14. Re1 Bc6 15. Bf1 a5 16. Rb1 e6 17. Kh1 d5 18. cxd5 exd5 19. exd5 Nxd5 20. Nxd5 Qxd5 21. Nc4 Qxd1 22. Rbxd1 {[%emt 0:00:59] [#] Threatens to win with Bd6.} Ne4 23. Ne5 $2 (23. b3 $11 {and White is okay.}) 23... Bxe5 {[%emt 0:01:19] Weighted Error Value: White=0.54/Black=0.23 (precise)   Loses game:     	White=1     	---        Mistake:       	White=1     	Black=1      Inaccurate:     	White=2     	---        OK:         	White=3     	Black=2      Best:        	White=1     	Black=2} 0-1

[Event "2nd Bundesliga Nord 2024-25"]
[Site "Germany"]
[Date "2025.02.22"]
[Round "8.4"]
[White "Meins, Gerlef"]
[Black "Bashylina, Luisa"]
[Result "1-0"]
[Annotator "TA"]
[ECO "D90"]
[WhiteElo "2374"]
[BlackElo "2105"]
[PlyCount "125"]
[EventDate "2024.11.29"]
[EventType "team-tourn"]
[EventCountry "GER"]
[SourceTitle "playchess.com"]
[Source "ChessBase"]
[SourceQuality "1"]
[WhiteTeam "Werder Bremen II"]
[BlackTeam "Solingen II"]
[TimeControl "40/5400+30:1800+30"]

1. Nf3 Nf6 2. c4 g6 3. Nc3 d5 4. cxd5 Nxd5 5. Qb3 Nb6 6. d4 Bg7 7. Bf4 O-O 8. e3 c5 {[%emt 0:12:28] D90: Grünfeld: 4 Nf3 Bg7 sidelines.} 9. dxc5 N6d7 (9... Be6 $14 10. Qa3 Bxc3+ 11. bxc3 (11. Qxc3 Nd5 $11) 11... Nc4) 10. Qa3 $1 $16 {[%emt 0:07:03] White has more active pieces.} Nc6 {[%emt 0:11:56] White is better.} 11. Bb5 Qa5 (11... Nxc5 $142 12. Qxc5 Qa5) 12. Qxa5 Nxa5 13. Rc1 (13. Nd5 $142 Nxc5 14. Nxe7+ Kh8 15. Rc1) 13... a6 $146 {[%emt 0:16:31] [#]} (13... Nc6 $142) ({Predecessor:} 13... Nxc5 14. b4 Bxc3+ 15. Rxc3 Ne4 16. Rc7 Nc6 17. Bxc6 bxc6 18. Nd4 a5 19. Nxc6 axb4 {1-0 Vazquez,G (2436)-He,A (2246) PRO League Stage rapid 2018 (6)}) 14. Be2 $1 Nc6 15. Na4 e5 16. Bg3 Rd8 17. O-O Nf8 18. Nb6 Rb8 19. Nxc8 Rbxc8 20. Bc4 h6 {[%emt 0:02:26] Inhibits Ng5.} 21. e4 Nd7 22. Bd5 Bf8 (22... Nb4 $142) 23. Bxc6 Rxc6 24. Rfd1 (24. Bxe5 Nxe5 25. Nxe5 Rxc5 26. Rxc5 Bxc5 $14) 24... f6 25. b4 (25. Rd5 $16) 25... a5 26. a3 axb4 27. axb4 b6 {[%emt 0:00:18][%cal Rb6c5] [#]} 28. Bxe5 $1 fxe5 29. Nxe5 Nxe5 {[%emt 0:00:10] [#]} (29... Rc7 $14) 30. Rd3 $4 Rd7 31. Rxd7 bxc5 $2 (31... Nxd7 $19 32. g3 bxc5 33. bxc5 Ne5 (33... Nxc5 $2 34. f4 $19) (33... Bxc5 $2 34. Kg2 $19) (33... Rxc5 $2 34. Rd1 $19)) 32. Rd8 (32. b5 $11 Rb6 33. Rd5) 32... Ra6 $2 (32... cxb4 $15 {keeps the upper hand.} 33. Rxc6 Nxc6) 33. Rxc5 $4 (33. bxc5 Kf7 34. Kf1 Be7 $11) (33. f4 $18 Nf7 34. Rb8 (34. b5 Rb6 $16)) 33... Nc6 $2 (33... Ra1+ {mates} 34. Rc1 Rxc1+ 35. Rd1 Rxd1#) 34. g3 $2 Nxb4 $4 (34... Ra1+ $19 {and life is good for Black.} 35. Kg2 Nxd8) 35. Rdc8 $2 (35. Rcc8 $18 Rf6 36. e5) 35... Rb6 (35... Re6 $16) 36. Kg2 $18 Re6 (36... Rb7 37. Rc3 h5) 37. Rb5 Nd3 (37... Nc6 {was worth a try.}) 38. Rbb8 Rf6 39. f4 Kg7 40. e5 {[%emt 0:00:00] Dodges Bd6} Rf5 41. Rc7+ Rf7 42. Rbb7 Rxc7 43. Rxc7+ Kg8 44. Kf3 Nc5 45. g4 Ne6 46. Rb7 Nc5 47. Ra7 Bg7 48. Rc7 Ne6 49. Re7 Nc5 50. f5 gxf5 (50... Nd3 $142 51. f6 (51. fxg6 Nxe5+ 52. Ke4 Nxg6 $11) 51... Nxe5+ 52. Rxe5 Bxf6) 51. gxf5 Nd3 52. Ke4 Nf2+ 53. Kd5 {[%emt 0:00:00] White threatens f6 and mate.} Ng4 54. h3 {[%emt 0:00:00] White mates.} Nf2 55. f6 Bf8 {[%emt 0:00:00] [#]} 56. e6 $1 Nxh3 57. Re8 Nf4+ 58. Ke5 Ng6+ 59. Ke4 h5 60. Ra8 Kh7 {[%emt 0:00:55] [#]} 61. Rxf8 $1 Nxf8 62. e7 Nd7 63. Kf5 {[%emt 0:00:05] Weighted Error Value: White=0.44/Black=0.97  Loses game:     	White=1     	Black=1      Missed win:     	White=3     	Black=1      Mistake:       	White=2     	Black=9      Inaccurate:     	White=1     	Black=3      OK:         	White=15    	Black=13     Best:        	White=4     	Black=2      Strong:       	White=2     	---        Brilliant:      	White=1     	---} (63. e8=R $2 {is the wrong capture.} Nxf6+ 64. Kf4 Nxe8 $19) 1-0

[Event "2nd Bundesliga Nord 2024-25"]
[Site "Germany"]
[Date "2025.02.22"]
[Round "8.5"]
[White "Schaefer, Markus"]
[Black "Van der Hagen, Loek"]
[Result "1/2-1/2"]
[Annotator "TA"]
[ECO "C60"]
[WhiteElo "2344"]
[BlackElo "2287"]
[PlyCount "61"]
[EventDate "2024.11.29"]
[EventType "team-tourn"]
[EventCountry "GER"]
[SourceTitle "playchess.com"]
[Source "ChessBase"]
[SourceQuality "1"]
[WhiteTeam "Solingen II"]
[BlackTeam "Werder Bremen II"]
[TimeControl "40/5400+30:1800+30"]

1. e4 e5 2. Nf3 Nc6 3. Bb5 Nge7 4. Nc3 a6 5. Bc4 d6 6. d4 {[%emt 0:02:51] C60: Ruy Lopez: Unusual Black 3rd moves and 3...g6.} Nxd4 7. Nxd4 exd4 8. Qxd4 {[%emt 0:00:32] White has an edge.} Be6 {[%emt 0:00:15] [#] and ...Nc6 would now be decisive} 9. Be2 $146 ({Predecessor:} 9. Bb3 c5 10. Qd3 b5 11. Bxe6 fxe6 12. Bg5 Qd7 13. O-O Nc6 14. Rad1 Ne5 15. Qg3 {1-0 Caruana,F (2792)-Theodorou,N (2577) Wch Rapid Warsaw 2021 (2)}) 9... c5 10. Qd3 d5 11. exd5 Nxd5 12. O-O Nb4 13. Qe4 Be7 14. a3 (14. Qxb7 Nxc2 15. Rd1 Nd4 $17) 14... Nc6 {[%emt 0:01:14] [#]} 15. Be3 $1 {[%emt 0:04:46] White is more active.} Nd4 16. Rad1 (16. Qxb7 $2 Nxe2+ 17. Kh1 (17. Nxe2 $2 Bd5 $19) 17... Nxc3 18. bxc3 Bd5 $19) 16... O-O 17. Bxd4 cxd4 18. Rxd4 Qb6 (18... Qe8 $14 {might be stronger.}) 19. Bd3 (19. Nd5 $16 Bxd5 20. Rxd5) 19... g6 20. Nd5 Bxd5 21. Rxd5 (21. Qxd5 $2 {too greedy.} Rad8 (21... Qxb2 22. Qe4 $17) 22. Qe5 Qxd4 $19) 21... Bf6 22. b3 Rae8 23. Qf3 Qc6 24. a4 Kg7 25. Bc4 Re5 26. Qd3 Rfe8 {[%emt 0:01:20] White is slightly better.} 27. Rxe5 Rxe5 28. Rd1 b5 29. axb5 axb5 30. Bd5 Qc5 31. Bf3 {[%emt 0:04:33] Weighted Error Value: White=0.08 (flawless) /Black=0.09 (flawless)   Mistake:       	White=1     	Black=1      Inaccurate:     	White=2     	Black=1      OK:         	White=10    	Black=7      Best:        	White=2     	Black=1      Strong:       	White=1     	---} 1/2-1/2

[Event "2nd Bundesliga Nord 2024-25"]
[Site "Germany"]
[Date "2025.02.22"]
[Round "8.6"]
[White "Lobzhanidze, Davit"]
[Black "Zolfagharian, Kevin"]
[Result "1/2-1/2"]
[Annotator "TA"]
[ECO "C42"]
[WhiteElo "2394"]
[BlackElo "2215"]
[PlyCount "83"]
[EventDate "2024.11.29"]
[EventType "team-tourn"]
[EventCountry "GER"]
[SourceTitle "playchess.com"]
[Source "ChessBase"]
[SourceQuality "1"]
[WhiteTeam "Werder Bremen II"]
[BlackTeam "Solingen II"]
[TimeControl "40/5400+30:1800+30"]

1. e4 e5 2. Nf3 Nf6 3. Nxe5 d6 4. Nf3 Nxe4 5. Qe2 Qe7 6. d3 Nf6 7. Bg5 Qxe2+ 8. Bxe2 Be7 9. Nc3 c6 10. O-O-O O-O 11. Rhe1 Nbd7 12. Bf1 Re8 13. Ne4 Kf8 {[%emt 0:12:31] C42: Petroff Defence: 3 Nxe5 and unusual White 3rd moves.} 14. Bf4 Nxe4 15. dxe4 Ne5 $146 {[%emt 0:00:23] White is slightly better.} (15... Nf6 16. c4 Bg4 17. h3 Bxf3 18. gxf3 Rad8 19. Kb1 Nd7 20. Bg3 Nc5 21. Rd2 Ne6 22. Red1 g5 23. Bh2 Nf4 24. h4 h6 25. hxg5 hxg5 26. Bxf4 gxf4 27. Bh3 Kg7 28. Rg1+ {½-½ Kriebel,T (2517)-Papp,G (2603) BL2-Ost 1819 2018 (8.1)}) 16. Nd4 Ng6 17. Bg3 Bg5+ 18. Kb1 Bf4 19. Nf5 Bxg3 ({Avoid the trap} 19... Bxf5 $2 20. exf5 Bxg3 21. fxg6 (21. hxg3 Rxe1 22. Rxe1 Ne5 $15) 21... hxg6 (21... Rxe1 $2 22. Rxe1 hxg6 23. hxg3 $18) 22. hxg3 $18 (22. fxg3 d5 $18)) 20. Nxg3 ({Much worse is} 20. hxg3 Bxf5 21. exf5 Rxe1 22. Rxe1 Ne5 $15) 20... Rd8 21. Nh5 Be6 {[%emt 0:05:41] The position is equal.} 22. h3 f6 23. f4 {[%emt 0:01:05] [#] and f5 should not be overlooked} Bf7 24. g4 d5 25. exd5 Rxd5 26. Rxd5 Bxd5 27. Kc1 Rd8 28. b3 Bf7 29. Bd3 Rd4 30. Rf1 Ne7 31. Ng3 Bg6 32. Bxg6 hxg6 $11 {[%emt 0:00:44][%mdl 4096] Endgame KRN-KRN} 33. Ne2 Rd7 34. Rf3 Nd5 35. c3 Kf7 36. Kc2 Nc7 37. Rd3 Re7 38. Kd2 Nd5 {[%emt 0:00:11][%cal Oe7e2] [#]} 39. Rf3 Rd7 40. Rd3 Re7 {[%emt 0:00:30][%cal Oe7e2] ...Rxe2+! would now be deadly.} 41. Rd4 Nc7 42. Rd3 {[%emt 0:07:04] Weighted Error Value: White=0.02 (flawless) /Black=0.02 (flawless)   OK:         	White=13    	Black=11     Best:        	White=1     	---} 1/2-1/2

[Event "2nd Bundesliga Nord 2024-25"]
[Site "Germany"]
[Date "2025.02.22"]
[Round "8.7"]
[White "Michalczak, Thomas"]
[Black "Joachim, Sven"]
[Result "1/2-1/2"]
[Annotator "TA"]
[ECO "C95"]
[WhiteElo "2194"]
[BlackElo "2405"]
[PlyCount "59"]
[EventDate "2024.11.29"]
[EventType "team-tourn"]
[EventCountry "GER"]
[SourceTitle "playchess.com"]
[Source "ChessBase"]
[SourceQuality "1"]
[WhiteTeam "Solingen II"]
[BlackTeam "Werder Bremen II"]
[TimeControl "40/5400+30:1800+30"]

1. e4 e5 2. Nf3 Nc6 3. Bb5 a6 4. Ba4 Nf6 5. O-O Be7 6. Re1 b5 7. Bb3 d6 8. c3 O-O 9. h3 Nb8 10. d4 Nbd7 11. Nbd2 Bb7 12. Bc2 Re8 13. Nf1 Bf8 14. Ng3 g6 15. a4 c5 16. d5 c4 17. Bg5 h6 18. Be3 Nc5 19. Qd2 h5 20. Bxc5 {[%emt 0:00:14] C95: Closed Ruy Lopez: Breyer Variation with 10 d4.} dxc5 21. Qg5 Nd7 22. Qxd8 {[%emt 0:00:13] White is slightly better.} (22. Nxh5 $2 Qxg5 23. Nxg5 gxh5 $19) 22... Rexd8 23. Nf1 Bd6 24. Ne3 Rdb8 $146 ({Predecessor:} 24... Nf6 25. g3 Kg7 26. Kg2 Rab8 27. Ng5 Ne8 28. Rf1 Nc7 {½-½ Kristjansson,A (2464)-Repp,H (2509) W-ch37 sf07 email 2013}) 25. Kf1 Bc8 26. Ke2 Nb6 27. Nd2 {[%emt 0:02:17] White is more active.} (27. g4 $16 {gxh5 is the strong threat.} hxg4 28. Nxg4) 27... Bd7 {[%emt 0:01:08] White has an edge.} 28. Ra2 Kf8 ({Reject} 28... bxa4 $6 29. Ndxc4 (29. Nexc4 Bb5 $16) 29... Nxc4 30. Nxc4 $16) 29. Rea1 Ke7 30. axb5 {[%emt 0:01:54] Weighted Error Value: White=0.11 (very precise) /Black=0.10 (very precise)   Mistake:       	White=1     	---        Inaccurate:     	White=1     	Black=1      OK:         	White=4     	Black=1} 1/2-1/2

[Event "2nd Bundesliga Nord 2024-25"]
[Site "Germany"]
[Date "2025.02.22"]
[Round "8.8"]
[White "Richter, Christian"]
[Black "Kniest, Oliver"]
[Result "1/2-1/2"]
[Annotator "TA"]
[ECO "E11"]
[WhiteElo "2348"]
[BlackElo "2188"]
[PlyCount "29"]
[EventDate "2024.11.29"]
[EventType "team-tourn"]
[EventCountry "GER"]
[SourceTitle "playchess.com"]
[Source "ChessBase"]
[SourceQuality "1"]
[WhiteTeam "Werder Bremen II"]
[BlackTeam "Solingen II"]
[TimeControl "40/5400+30:1800+30"]

1. d4 Nf6 2. Nf3 e6 3. c4 Bb4+ 4. Bd2 a5 5. g3 d6 6. Bg2 Nbd7 7. O-O e5 8. Nc3 O-O 9. a3 {[%emt 0:06:54] E11: Bogo-Indian.} Bxc3 10. Bxc3 e4 11. Ne1 ({White should try} 11. Nd2 $14) 11... d5 12. cxd5 Nb6 13. Nc2 Nbxd5 ({Much weaker is} 13... Nfxd5 $6 14. Bxe4 Qe7 15. Qd3 $16) 14. Qd2 $146 ({Predecessor:} 14. Bd2 h6 15. Ne3 Re8 16. Qc2 Nxe3 17. Bxe3 Bf5 18. Qb3 Qd7 19. Rfc1 c6 20. a4 {½-½ Tunik,G (2416)-Filippov,A (2634) Al Ain op 2nd 2013 (6)}) 14... c6 15. a4 {[%emt 0:08:45] White did not feel at home in the position after the opening.   Weighted Error Value: White=0.24 (precise) /Black=0.08 (flawless)   Mistake:       	White=1     	---        Inaccurate:     	---       	Black=1      OK:         	---       	Black=1} 1/2-1/2

[Event "2nd Bundesliga Nord 2024-25"]
[Site "Germany"]
[Date "2025.02.22"]
[Round "8.9"]
[White "Lutz, Christopher"]
[Black "Volokitin, Andrei"]
[Result "1/2-1/2"]
[Annotator "TA"]
[ECO "B90"]
[WhiteElo "2524"]
[BlackElo "2643"]
[PlyCount "101"]
[EventDate "2024.11.29"]
[EventType "team-tourn"]
[EventCountry "GER"]
[SourceTitle "playchess.com"]
[Source "ChessBase"]
[SourceQuality "1"]
[WhiteTeam "SG Porz"]
[BlackTeam "Wolfhagen"]
[TimeControl "40/5400+30:1800+30"]

1. e4 c5 2. Nf3 d6 3. d4 cxd4 4. Nxd4 Nf6 5. Nc3 a6 6. Bd3 g6 7. f3 {[%emt 0:02:19] B90: Sicilian Najdorf: Unusual White 6th moves, 6 Be3 Ng4 and 6 Be3 e5.} Qb6 8. Nb3 Nbd7 9. Qe2 {[%emt 0:00:18] White is slightly better.} Bg7 10. g4 $146 ({Predecessor:} 10. Be3 Qc7 11. g4 b5 12. g5 Nh5 13. Nd5 Qd8 14. O-O-O Bb7 15. Qe1 e6 16. Nf4 Nxf4 17. Bxf4 {1-0 Caruana,F (2798)-Volokitin,A (2660) Olympiad-45 Budapest 2024 (4.1)}) 10... Nc5 11. Be3 Be6 12. O-O {[%emt 0:05:41] Black should prevent Nxc5.} Qc7 13. Nxc5 dxc5 14. Bc4 Bxc4 15. Qxc4 Nd7 16. a4 e6 17. f4 h5 18. g5 $1 O-O 19. e5 Rfd8 20. Rfd1 Bf8 21. Ne4 Qc6 22. Kf2 b5 23. axb5 axb5 24. Rxa8 Qxa8 25. Qd3 c4 26. Qd4 Rb8 27. b3 cxb3 {[%emt 0:00:23] The position is equal.} 28. cxb3 Qb7 29. Ra1 {[%emt 0:00:34] [#]} Ra8 30. Nd6 Bxd6 31. Rxa8+ Qxa8 32. Qxd6 $11 {[%emt 0:00:09][%mdl 4096] Endgame KQB-KQN} Nf8 33. Bc5 {[%emt 0:00:28] [#] Black must now prevent Qxf8+.} Nh7 34. Ke3 Qa2 35. Qb8+ Kg7 36. Qxb5 Qxh2 37. Be7 Qg3+ 38. Ke2 Qxf4 39. Bf6+ Kg8 {[%emt 0:00:33][%cal Oh7f6] Strongly threatening ...Nxf6!.} 40. Qb8+ Nf8 41. Be7 Qe4+ 42. Kd2 Qd4+ 43. Kc2 Qe4+ 44. Kb2 Qd4+ 45. Kc2 (45. Ka3 $5 Qa1+ $8 46. Kb4 Qd4+ 47. Ka3 $11) 45... Qe4+ 46. Kb2 Qd4+ 47. Ka3 Qa1+ 48. Kb4 Qd4+ $1 49. Ka3 (49. Ka5 $5 Qd5+ $8 50. Ka6 Qd3+ 51. Ka5 Qd5+ $11) 49... Qa1+ 50. Kb4 Qd4+ $1 51. Ka3 {[%emt 0:01:30] An even fight not without its subleties.   Weighted Error Value: White=0.04 (flawless) /Black=0.04 (flawless)   Inaccurate:     	White=3     	Black=4      OK:         	White=22    	Black=17     Best:        	White=1     	Black=3      Strong:       	White=1     	Black=2} 1/2-1/2